 Dungeon Crawl Stone Soup version 0.27.1-34-g3ba077fa99 (webtiles) character file.

Game seed: 10524571278713298358

858 multipassport the Firebug (level 7, -3/44 (50) HPs)
             Began as a Red Draconian Fire Elementalist on Jan 16, 2022.
             Was a Plaything of Xom.
             Slain by a wight (9 damage)
             ... on level 4 of the Dungeon.
             The game lasted 00:23:41 (5277 turns).

multipassport the Firebug (DrFE)                    Turns: 5277, Time: 00:23:43

HP:   -3/44 (50)    AC:  8    Str: 10    XL:     7   Next: 71%
MP:   0/13          EV: 13    Int: 18    God:    Xom [*.....]
Gold: 155           SH:  0    Dex: 11    Spells: 10/14 levels left

rFire    + . .     SeeInvis .   j - +3 dagger (flame)
rCold    . . .     Faith    .   (no shield)
rNeg     . . .     Spirit   .   (armour unavailable)
rPois    .         Reflect  .   (helmet restricted)
rElec    .         Harm     .   u - +0 cloak
rCorr    .         Rampage  .   (no gloves)
Will     .....                  b - +0 pair of boots
Stlth    ++........             (no amulet)
HPRegen  0.14/turn              s - +4 ring of slaying
MPRegen  0.13/turn              p - ring of flight

@: short of breath, flying, slowed, heavily drained, very slow
A: breathe fire, AC +6, unfitting armour, fire resistance 1, cold-blooded
a: Breathe Fire, Renounce Religion


You were on level 4 of the Dungeon.
You worshipped Xom.
You were a special plaything of Xom.
You visited 1 branch of the dungeon, and saw 4 of its levels.
You also visited: Sewer.

You collected 155 gold pieces.

Inventory:

Hand Weapons
 j - a +3 dagger of flaming (weapon)
Missiles
 o - 2 throwing nets
Armour
 b - a +0 pair of boots (worn)
 u - a +0 cloak (worn)
Jewellery
 g - a ring of ice
 i - a ring of resist corrosion
 p - a ring of flight (right hand)
 s - a +4 ring of slaying (left hand)
Wands
 r - a wand of charming (10)
Scrolls
 e - a scroll of magic mapping {unknown}
 f - 5 scrolls of identify {unknown}
 k - 2 scrolls of fear {unknown}
 m - 3 scrolls of teleportation {unknown}
Potions
 a - a potion of curing {unknown}
 c - a potion of attraction {unknown}
 d - 3 potions of magic {unknown}
 h - 2 potions of heal wounds {unknown}
 l - 2 potions of mutation {unknown}
 n - a potion of invisibility {unknown}
 q - a potion of degeneration {unknown}
 t - a potion of might {unknown}


   Skills:
 + Level 3.7 Dodging
 - Level 1.7 Stealth
 + Level 4.2 Spellcasting
 + Level 3.8 Conjurations
 + Level 7.5 Fire Magic


You had 10 spell levels left.
You knew the following spells:

 Your Spells              Type           Power      Damage    Failure   Level
a - Foxfire               Conj/Fire      96%        2x1d8     1%          1
b - Inner Flame           Hex/Fire       17%        N/A       9%          3

Your spell library contained the following spells:

 Spells                   Type           Power      Damage    Failure   Level
 Conjure Flame            Conj/Fire      24%        6-21      4%          3
 Animate Skeleton         Necr           6%         N/A       14%         1
 Apportation              Tloc           6%         N/A       14%         1
 Corona                   Hex            3%         N/A       14%         1
 Summon Small Mammal      Summ           12%        N/A       14%         1
 Sticky Flame             Conj/Fire      24%        2d5       14%         4
 Fireball                 Conj/Fire      12%        3d7       36%         5
 Tukima's Dance           Hex            3%         N/A       41%         3
 Fulminant Prism          Conj/Hex       5%         3d7       54%         4
 Iskenderun's Mystic Bla  Conj/Tloc      10%        2d4       54%         4
 Passage of Golubria      Tloc           N/A        N/A       82%         4
 Lee's Rapid Deconstruct  Erth           1%         3d5*      99%         5
 Yara's Violent Unravell  Hex/Tmut       1%         3d3       99%         5


Dungeon Overview and Level Annotations

Branches:
Dungeon (4/15)              Sewer (visited)
 Temple: D:4-7

Altars:
Gozag
Kikubaaqudgha
Uskayaw
Xom


Innate Abilities, Weirdness & Mutations

You can breathe blasts of fire.
Your fiery red scales are hard. (AC +6)
You cannot fit into any form of body armour.
Your flesh is heat resistant. (rF+)
You are cold-blooded and may be slowed by cold attacks.


Message History

The wight hits you with a +3 hand axe of freezing.
You feel drained.
You feel as though you will be slow longer.
The wight freezes you.
The wight hits your foxfire with a +3 hand axe of freezing.
The wight freezes your foxfire.
Your foxfire dissipates!
There is an open door here.
Things that are here:
a +0 halberd; a +0 robe You hit the wight.
You destroy the wight!
The wight barely misses you.
The wight hits you with a +2 battleaxe of freezing.
You feel drained. The wight freezes you.
Casting: Foxfire (safe; 1% risk of failure)
Confirm with . or Enter, or press ? or * to list all spells.
You conjure some foxfire!
You feel yourself speed up.
The wight hits you with a +2 battleaxe of freezing.
You feel drained.
You feel yourself slow down. The wight freezes you.
The wight barely misses your foxfire.
The foxfire hits the wight but does no damage.
The wight is lightly damaged.
The foxfire hits the wight.
The wight is heavily damaged.
The wight closely misses you.
You barely miss the wight.
The wight is heavily damaged.
You feel yourself speed up.
The wight hits you with a +2 battleaxe of freezing!
* * * LOW HITPOINT WARNING * * *
You feel yourself slow down. The wight freezes you.
* * * LOW HITPOINT WARNING * * *
Press: ? - help, Shift-Dir - straight line, f - wight
Aim: a wight, wielding a +2 battleaxe of freezing and wearing a +0 robe (heavily damaged)
You breathe a blast of fire.
The fiery breath hits the wight.
The wight is severely damaged.
The wight hits you with a +2 battleaxe of freezing!
You die...

#.....#...........#
#.....#...........#
#.....#...........#
#.....########....#
#.....# ##....#
#.....# #.....#
#.....# #.....#
#.....# .#.....#
###.....# ..##@).##
........# ...##z####
........# ....##)...#
........#.....##....#
........'.....)#....#
........#......#ยง...#
........#......#....#
###.....####+###....#
..#............#....#


You could see a wight.

Vanquished Creatures
  Sigmund (D:4)
  Menkaure (D:3)
  3 wights (D:4)
  A hound (D:4)
  A centaur skeleton (D:4)
  3 orc priests (D:4)
  An iguana (D:4)
  2 orc wizards
  A hound skeleton (D:4)
  A gnoll (D:4)
  6 adders
  3 river rats (D:3)
  An ufetubus (D:4)
  A worm (D:2)
  2 dart slugs
  9 orcs
  13 ball pythons
  5 endoplasms
  6 giant cockroaches
  4 goblins
  5 hobgoblins
  12 jackals
  3 quokkas (D:3)
  3 bats
  6 frilled lizards
  14 kobolds
  3 rats
111 creatures vanquished.

Vanquished Creatures (collateral kills)
  5 foxfires
5 creatures vanquished.

Vanquished Creatures (others)
  255 foxfires
  11 plants
266 creatures vanquished.

Grand Total: 382 creatures vanquished

Notes
Turn   | Place    | Note
-------+----------+-------------------------------------------
     0 | D:1      | multipassport the Draconian Fire Elementalist began the
                  | quest for the Orb.
     0 | D:1      | Reached XP level 1. HP: 14/14 MP: 3/3
   359 | D:1      | Found a faded altar of an unknown god.
   363 | D:1      | Reached XP level 2. HP: 20/20 MP: 3/5
  1182 | D:2      | Reached XP level 3. HP: 25/26 MP: 4/6
  1259 | D:2      | Found a shimmering altar of Xom.
  1267 | D:2      | Became a worshipper of Xom of Chaos
  1673 | D:3      | XOM: silly message
  1893 | D:3      | Reached skill level 4 in Fire Magic
  1924 | D:3      | XOM: silly message
  1927 | D:3      | XOM: potion effect (invisibility)
  1928 | D:3      | Reached XP level 4. HP: 28/33 MP: 0/7
  1954 | D:3      | Found a glowing drain.
  1963 | Sewer    | Entered a sewer
  2239 | Sewer    | XOM is BORED!
  2239 | Sewer    | XOM: noise
  2366 | Sewer    | XOM: silly message
  2462 | Sewer    | XOM: 1-stop teleportation journey
  2746 | D:3      | Reached XP level 5. HP: 38/38 MP: 6/9
  3274 | D:3      | Found an ancient bone altar of Kikubaaqudgha.
  3397 | D:3      | Learned a level 3 spell: Inner Flame
  3400 | D:3      | Found an opulent altar of Gozag.
  3403 | D:3      | Found a hide-covered altar of Uskayaw.
  3417 | D:3      | XOM: silly message
  3570 | D:4      | XOM: noise
  3571 | D:4      | XOM: fog
  3572 | D:4      | XOM: butterfly on damage
  3580 | D:4      | Reached skill level 5 in Fire Magic
  3758 | D:4      | XOM is BORED!
  3758 | D:4      | XOM: 2-stop teleportation journey
  3767 | D:4      | Reached XP level 6. HP: 40/45 MP: 5/10
  3961 | D:4      | XOM: polymorph orc -> ball python
  4387 | D:4      | Noticed Sigmund
  4389 | D:4      | XOM: potion effect (curing)
  4395 | D:4      | Killed Sigmund
  4396 | D:4      | Your scales start taking on a fiery red colour.
  4396 | D:4      | Reached skill level 7 in Fire Magic
  4396 | D:4      | Reached XP level 7. HP: 48/50 MP: 7/12
  4396 | D:4      | Gained mutation: Your flesh is heat resistant. (rF+) [Red
                  | Draconian growth]
  4461 | D:4      | Noticed Menkaure
  4567 | D:3      | XOM: summons 2 hostile demons
  4664 | D:3      | XOM: summons 2 hostile shadow creatures
  4792 | D:4      | XOM: fog
  4793 | D:4      | XOM: polymorph orc priest -> gnoll
  4797 | D:3      | Killed Menkaure
  4842 | D:3      | XOM: divination: detect creatures
  5239 | D:4      | XOM: summons 1 hostile demon
  5269 | D:4      | XOM: enchant monster (bad)
  5277 | D:4      | Slain by a wight

Illustrated notes

Levels and vault maps discovered:
D:1:      giann_horns, layout_basic, serial_curves, eino_curves_03,
          eino_curves_03, eino_curves_04, dreamdust_ecumenical_altar_grove
D:2:      layout_loops_cross, basic_altar, nrook_uturn, uniq_natasha
D:3:      minmay_angry_zag, layout_basic, minmay_overflow_temple_star_quad,
          portal_sewer_entry_b, chequers_garden, grunt_decor_fettered,
          hangedman_decor_points
D:4:      layout_gridville, serial_bayou_pond_b, uniq_menkaure, uniq_sigmund

Skill      XL: |  1  2  3  4  5  6  7 |
---------------+----------------------+-----
Fire Magic     | 4 5 7 |  7.5
Dodging        | 2 3 |  3.7
Conjurations   | 2 3 |  3.8
Spellcasting   | 3 4 |  4.2
Stealth        | |  1.7

Action                   |  1- 3 |  4- 6 |  7- 9 || total
-------------------------+-------+-------+-------++-------
Melee: Unarmed           |    18 |       |       ||    18
       Hand axe          |     4 |       |       ||     4
       Tailslap          |     7 |     9 |       ||    16
       Dagger            |    36 |    97 |     7 ||   140
 Cast: Foxfire           |    35 |    82 |    47 ||   164
 Abil: Breathe Fire      |       |       |     1 ||     1
 Stab: Sleeping          |     3 |       |       ||     3
       Invisible         |       |     2 |       ||     2
Armor: Skin              |    12 |    45 |    28 ||    85
Dodge: Dodged            |    39 |   100 |    30 ||   169
